Map: King's Cove LE

Players

Gerald - Winner!

  • Race: Protoss Protoss
  • Spawn Location: 11:00

Namshar

  • Race: Zerg Zerg
  • Spawn Location: 5:00

Event: 2019 WCS Summer

VOD

Have the link to the VOD?

Description

Time

  • Played on: July 12, 2019, 3:13 p.m.
  • Length: 10:09

All games in this series

Show
View Real Time Build Order
Export as new Build Order

Gerald Protoss - Winner!

Build Orders: 1 Gate Expand, Zealot Archon, Archon Drop, Dark Templar Rush 

Get SALT Encoding   

  12  0:00  Probe  
  13  0:12  Probe  
  14  0:19  Pylon  
  14  0:25  Probe  
  15  0:29  Assimilator  
  15  0:37  Probe  
  16  0:46  Gateway  
  16  0:47  Probe  
  16  0:55  Probe  
  18  1:05  Probe  
  19  1:17  Probe  
  20  1:29  Nexus  
  20  1:38  Cybernetics Core  
  20  1:42  Probe  
  21  1:47  Assimilator  
  21  1:54  Probe  
  21  1:57  Pylon  
  22  2:05  Adept  
  22  2:06  Probe  
  25  2:19  Twilight Council  
  25  2:20  Probe  
  26  2:23  Warp Gate  
  26  2:26  Stalker  
  28  2:38  Probe  
  28  2:41  Probe  
  30  2:50  Probe  
  31  2:51  Robotics Facility  
  31  2:56  Probe  
  32  3:02  Probe  
  33  3:08  Probe  
  34  3:15  Probe  
  35  3:20  Probe, Dark Shrine  
  35  3:23  Gateway  
  35  3:27  Probe  
  37  3:32  Probe  
  38  3:39  Probe, Gateway  
  39  3:48  Probe, Warp Prism  
  42  3:58  Probe  
  42  3:59  Gateway  
  43  4:06  Probe, Pylon  
  43  4:08  Assimilator  
  43  4:09  Assimilator  
  44  4:10  Probe  
  43  4:17  Adept  
  43  4:18  Probe  
  43  4:21  Pylon  
  46  4:24  Probe  
  46  4:30  Probe  
  48  4:35  Warp Prism  
  48  4:36  Probe  
  51  4:40  Pylon  
  52  4:49  Dark Templar x3  
  52  4:52  Probe  
  58  4:53  Dark Templar  
  60  5:02  Pylon  
  58  5:15  Probe, Pylon  
  58  5:18  Gateway  
  58  5:20  Gateway  
  59  5:23  Dark Templar, Archon  
  61  5:28  Archon  
  61  5:31  Gateway  
  61  5:35  Gateway  
  62  5:38  Immortal  
  62  5:41  Dark Templar x3  
  71  6:01  Charge  
  71  6:07  Dark Templar  
  73  6:12  Zealot  
  73  6:15  Archon  
  73  6:16  Archon  
  75  6:18  Immortal  
  75  6:22  Zealot  
  74  6:25  Zealot  
  74  6:26  Zealot  
  82  6:46  Stalker x2  
  86  7:03  Pylon  
  86  7:04  Pylon  
  86  7:06  Nexus  
  86  7:08  Pylon  
  86  7:11  Immortal  
  86  7:12  Pylon  
  86  7:13  Pylon  
  90  7:35  Dark Templar  
  90  7:36  Dark Templar x4  
  100  7:37  Zealot x2  
  100  7:38  Zealot  
  100  7:43  Observer, Archon  
  100  7:44  Archon  
  107  8:05  Dark Templar x2  
  111  8:07  Zealot  
  113  8:12  Dark Templar, Archon  
  113  8:14  Zealot x4  
  113  8:17  Archon  
  123  8:26  Zealot  
  127  8:40  Dark Templar x2  
  127  8:41  Zealot x4  
  137  8:44  Zealot x2  
  137  8:45  Archon  
  104  9:17  Zealot x8  
  92  9:40  Zealot x8  
  100  10:03  Zealot x6  
Show
View Real Time Build Order
Export as new Build Order

Namshar Zerg 

Build Orders: Hatch First 

Get SALT Encoding   

  12  0:00  Drone  
  13  0:12  Overlord  
  13  0:17  Drone  
  14  0:30  Drone x2  
  16  0:48  Drone x2  
  18  0:55  Drone  
  19  0:59  Hatchery  
  19  1:02  Extractor  
  17  1:14  Spawning Pool  
  17  1:17  Drone  
  17  1:21  Drone  
  18  1:28  Drone  
  19  1:38  Overlord  
  19  2:01  Zergling x4, Queen  
  21  2:03  Metabolic Boost  
  23  2:10  Queen  
  23  2:11  Drone  
  23  2:12  Drone  
  27  2:22  Drone x2  
  29  2:34  Drone x2  
  31  2:43  Hatchery  
  30  2:46  Zergling x2  
  31  2:53  Queen  
  31  2:57  Overlord  
  33  3:05  Drone x3  
  35  3:08  Overlord  
  35  3:17  Drone  
  35  3:19  Drone x3  
  39  3:23  Drone x2  
  41  3:32  Drone x2, Spore Crawler  
  42  3:39  Zergling x2  
  42  3:40  Zergling x2  
  42  3:48  Spore Crawler  
  42  3:54  Drone  
  42  3:55  Drone x5, Roach Warren  
  45  3:57  Zergling x2  
  46  4:03  Drone  
  46  4:04  Drone x2  
  46  4:08  Spore Crawler  
  47  4:13  Drone  
  47  4:17  Zergling x8  
  51  4:20  Extractor x2  
  51  4:21  Spore Crawler  
  49  4:25  Overlord  
  49  4:26  Zergling x2  
  49  4:27  Zergling x2  
  51  4:35  Overlord  
  51  4:37  Lair  
  51  4:48  Overlord  
  51  4:49  Roach  
  51  4:50  Roach x2  
  57  4:57  Roach  
  57  4:58  Roach x2  
  63  5:04  Overlord  
  63  5:05  Overlord  
  63  5:06  Roach  
  60  5:16  Overlord  
  60  5:17  Drone x3  
  60  5:18  Drone  
  60  5:19  Drone  
  64  5:23  Roach x2  
  64  5:26  Roach  
  70  5:30  Roach x2  
  74  5:39  Drone x5  
  79  5:47  Drone x2  
  79  5:48  Drone, Roach  
  79  5:49  Roach  
  86  5:51  Overseer  
  86  5:54  Glial Reconstitution  
  86  6:01  Drone  
  86  6:02  Drone x4  
  91  6:06  Overlord  
  91  6:10  Overlord  
  91  6:11  Drone  
  91  6:12  Drone, Roach  
  91  6:14  Roach  
  97  6:27  Overlord x2  
  97  6:35  Extractor  
  97  6:36  Evolution Chamber, Extractor  
  94  6:41  Roach x9  
  94  6:45  Overseer  
  101  6:57  Drone x2  
  101  6:59  Queen  
  101  7:00  Drone x2  
  101  7:01  Drone  
  108  7:03  Overseer  
  108  7:09  Drone  
  108  7:10  Spore Crawler  
  108  7:12  Overseer  
  108  7:13  Extractor  
  107  7:20  Drone  
  107  7:21  Drone x2  
  110  7:29  Roach x2  
  114  7:34  Hydralisk Den  
  113  7:39  Overlord x2  
  113  7:40  Overlord x4  
  113  7:43  Zerg Missile Weapons Level 1  
  113  7:51  Drone  
  113  7:53  Hatchery  
  113  7:57  Queen  
  115  8:03  Grooved Spines  
  111  8:08  Drone x6  
  111  8:09  Roach x5  
  127  8:16  Drone  
  127  8:17  Overlord  
  127  8:18  Overlord  
  128  8:27  Pneumatized Carapace  
  128  8:33  Roach x7  
  140  8:36  Ravager x2  
  140  8:37  Ravager x4  
  140  8:38  Ravager  
  145  8:42  Roach  
  145  8:46  Roach x3  
  145  8:47  Roach  
  155  8:54  Roach x5  
  163  9:01  Roach  
  159  9:05  Roach  
  149  9:15  Roach x10  
  143  9:21  Roach x2  
  143  9:24  Roach  
  120  9:28  Roach  
  90  9:32  Roach x2  
  90  9:36  Roach x2  
  80  9:43  Roach x2  
Tags
 
Add a new tag
Caveats
  • Supply blocks, unpowered buildings, or Contaminate may cause inaccurate times.
  • Supply counts are checked every 10 seconds.